[ PARTIDA AOE2 · #479074983 ]
UnrankedKitán vs Teutons
[ ANÁLISIS DE REPETICIÓN · EXTRAÍDO DE LA PARTIDA GRABADA ]
Feudal
8:51
Castillos
22:13
Imperial
50:57
| APM promedio | 63.7 |
| APM pico | 134 |
| eAPM promedio | 31.6 |
| Aldeanos / militares | 198 / 383 |
Foco
⚔️ 47.9% · 🌾 52.1%
Camel Scout ×169 · Steppe Lancer ×161 · Scout Cavalry ×53
Feudal
8:32
Castillos
25:40
Imperial
34:33
| APM promedio | 37.6 |
| APM pico | 77 |
| eAPM promedio | 25.5 |
| Aldeanos / militares | 196 / 145 |
Foco
⚔️ 36.8% · 🌾 63.2%
Teutonic Knight ×123 · Trebuchet (Packed) ×12 · Petard ×5 · Spearman ×4 · Monk ×1
Feudal
8:31
Castillos
25:31
Imperial
—
| APM promedio | 43.7 |
| APM pico | 99 |
| eAPM promedio | 27.8 |
| Aldeanos / militares | 191 / 178 |
Foco
⚔️ 24.9% · 🌾 75.1%
Spearman ×144 · Teutonic Knight ×26 · Mangonel ×4 · Battering Ram ×4
Feudal
11:23
Castillos
14:53
Imperial
56:24
| APM promedio | 95.8 |
| APM pico | 172 |
| eAPM promedio | 60.8 |
| Aldeanos / militares | 311 / 160 |
Foco
⚔️ 62.6% · 🌾 37.4%
Skirmisher ×62 · Conquistador ×61 · Spearman ×32 · Mangonel ×4 · Militia ×1
Feudal
9:47
Castillos
16:08
Imperial
45:54
| APM promedio | 53.4 |
| APM pico | 120 |
| eAPM promedio | 32.2 |
| Aldeanos / militares | 184 / 431 |
Foco
⚔️ 34.0% · 🌾 66.0%
Scout Cavalry ×297 · Camel Scout ×71 · Armored Elephant ×59 · Monk ×4
Feudal
8:38
Castillos
21:35
Imperial
39:14
| APM promedio | 48.0 |
| APM pico | 79 |
| eAPM promedio | 20.7 |
| Aldeanos / militares | 215 / 293 |
Foco
⚔️ 39.4% · 🌾 60.6%
Knight ×242 · Steppe Lancer ×31 · Kipchak ×9 · Spearman ×3 · Monk ×2 · Mangonel ×2
Feudal
10:48
Castillos
14:26
Imperial
56:18
| APM promedio | 65.2 |
| APM pico | 129 |
| eAPM promedio | 37.2 |
| Aldeanos / militares | 177 / 652 |
Foco
⚔️ 48.5% · 🌾 51.5%
Camel Scout ×270 · Scout Cavalry ×256 · Shrivamsha Rider ×126
Feudal
8:15
Castillos
18:15
Imperial
28:32
| APM promedio | 62.7 |
| APM pico | 137 |
| eAPM promedio | 23.0 |
| Aldeanos / militares | 134 / 363 |
Foco
⚔️ 54.6% · 🌾 45.4%
Archer ×239 · Skirmisher ×101 · Genoese Crossbowman ×22 · Trade Cart ×14 · Militia ×1
Mapa de la partida
Recursos iniciales + cada clic de construcción. Líneas = muros · curvas = relieve. ◆ oro · ⬟ piedra · ● bayas · ✦ reliquia · ◌ hueco del cierre
Tu base· ✓ Cerrada en 22:13 · 0t muro · 2 puerta(s)
Base de Xololo· ✓ Cerrada en 25:40 · 19t muro · 2 puerta(s)
Base de César UAM· ✓ Cerrada en 25:31 · 14t muro · 2 puerta(s)
Base de [SotC] Spirit· ✓ Cerrada en 14:53 · 0t muro · 3 puerta(s)
Base de Pez Kaladura· ✓ Cerrada en 16:08 · 0t muro · 3 puerta(s)
Base de number5· ✓ Cerrada en 21:35 · 0t muro · 3 puerta(s)
Base de Ed· ✓ Cerrada en 14:26 · 0t muro · 2 puerta(s)
Base de AM | thatsnotPG· ✓ Cerrada en 18:15 · 10t muro · 3 puerta(s)
Terreno inicial suavizado · ◌ = hueco del cierre detectado · pasá el cursor para detalles
Inputs por minuto
— BF_Xin - - Xololo
Build order — BF_Xin
Primeras 150 de 792 acciones detectadas
| 0:00 | Crear | Villager (Male) |
| 0:01 | Crear | Villager (Male) |
| 0:01 | Crear | Villager (Male) |
| 0:02 | Construir | House |
| 0:03 | Construir | House |
| 0:16 | Crear | Villager (Male) |
| 1:31 | Crear | Villager (Male) |
| 1:32 | Crear | Villager (Male) |
| 2:04 | Crear | Villager (Male) |
| 2:05 | Crear | Villager (Male) |
| 2:11 | Construir | Lumber Camp |
| 2:32 | Construir | House |
| 2:34 | Crear | Villager (Male) |
| 2:35 | Crear | Villager (Male) |
| 3:19 | Crear | Villager (Male) |
| 3:19 | Crear | Villager (Male) |
| 3:19 | Crear | Villager (Male) |
| 3:20 | Crear | Villager (Male) |
| 4:15 | Crear | Villager (Male) |
| 4:46 | Crear | Villager (Male) |
| 4:50 | Construir | Mill |
| 4:50 | Crear | Villager (Male) |
| 4:51 | Crear | Villager (Male) |
| 4:57 | Crear | Villager (Male) |
| 4:57 | Crear | Villager (Male) |
| 5:19 | Crear | Villager (Male) |
| 5:19 | Crear | Villager (Male) |
| 6:32 | Investigar | Feudal Age |
| 6:32 | Investigar | Feudal Age |
| 6:32 | Investigar | Feudal Age |
| 7:48 | Construir | House |
| 7:52 | Construir | Barracks |
| 8:51 | Edad | Edad Feudal |
| 8:54 | Crear | Villager (Male) |
| 8:58 | Construir | Stable |
| 9:20 | Crear | Villager (Male) |
| 9:23 | Investigar | Double-Bit Axe |
| 9:23 | Investigar | Double-Bit Axe |
| 9:23 | Investigar | Double-Bit Axe |
| 9:23 | Investigar | Double-Bit Axe |
| 9:24 | Investigar | Tech 1014 |
| 9:24 | Investigar | Tech 1014 |
| 9:24 | Investigar | Tech 1014 |
| 9:24 | Investigar | Tech 1014 |
| 9:24 | Investigar | Tech 1014 |
| 9:33 | Crear | Scout Cavalry |
| 9:33 | Crear | Scout Cavalry |
| 9:33 | Crear | Scout Cavalry |
| 9:33 | Crear | Scout Cavalry |
| 9:33 | Crear | Scout Cavalry |
| 9:52 | Crear | Villager (Male) |
| 9:54 | Construir | Pasture |
| 9:59 | Construir | House |
| 10:05 | Crear | Scout Cavalry |
| 10:05 | Crear | Scout Cavalry |
| 10:05 | Crear | Scout Cavalry |
| 10:05 | Crear | Scout Cavalry |
| 10:28 | Crear | Villager (Male) |
| 10:40 | Construir | Pasture |
| 11:35 | Crear | Scout Cavalry |
| 11:36 | Crear | Villager (Male) |
| 11:38 | Construir | Pasture |
| 11:40 | Construir | House |
| 11:46 | Construir | Blacksmith |
| 11:47 | Crear | Scout Cavalry |
| 11:47 | Crear | Scout Cavalry |
| 11:47 | Crear | Scout Cavalry |
| 11:47 | Crear | Scout Cavalry |
| 12:21 | Crear | Villager (Male) |
| 12:26 | Construir | Pasture |
| 12:46 | Investigar | Forging |
| 12:47 | Investigar | Forging |
| 12:48 | Crear | Villager (Male) |
| 12:51 | Construir | Pasture |
| 12:53 | Construir | House |
| 13:06 | Crear | Scout Cavalry |
| 13:06 | Crear | Scout Cavalry |
| 13:06 | Crear | Scout Cavalry |
| 13:06 | Crear | Scout Cavalry |
| 13:06 | Crear | Scout Cavalry |
| 13:06 | Crear | Scout Cavalry |
| 13:17 | Crear | Villager (Male) |
| 13:38 | Construir | House |
| 13:45 | Investigar | Scale Barding Armor |
| 13:45 | Investigar | Scale Barding Armor |
| 14:05 | Construir | Pasture |
| 14:06 | Crear | Villager (Male) |
| 14:22 | Construir | House |
| 14:25 | Construir | Pasture |
| 14:39 | Crear | Scout Cavalry |
| 14:39 | Crear | Scout Cavalry |
| 14:39 | Crear | Scout Cavalry |
| 14:39 | Crear | Scout Cavalry |
| 14:39 | Crear | Scout Cavalry |
| 14:54 | Crear | Villager (Male) |
| 14:58 | Construir | Pasture |
| 15:12 | Crear | Scout Cavalry |
| 15:12 | Crear | Scout Cavalry |
| 15:12 | Crear | Scout Cavalry |
| 15:12 | Crear | Scout Cavalry |
| 15:12 | Crear | Scout Cavalry |
| 15:18 | Construir | House |
| 15:18 | Construir | House |
| 15:19 | Crear | Villager (Male) |
| 15:54 | Crear | Villager (Male) |
| 16:06 | Construir | Pasture |
| 16:07 | Crear | Villager (Male) |
| 16:10 | Crear | Scout Cavalry |
| 16:10 | Crear | Scout Cavalry |
| 16:10 | Crear | Scout Cavalry |
| 16:10 | Crear | Scout Cavalry |
| 16:17 | Construir | Pasture |
| 16:24 | Construir | Stable |
| 16:44 | Crear | Villager (Male) |
| 16:47 | Crear | Villager (Male) |
| 17:12 | Construir | Mining Camp |
| 17:49 | Crear | Villager (Male) |
| 17:50 | Crear | Villager (Male) |
| 18:26 | Crear | Villager (Male) |
| 18:39 | Construir | Market |
| 18:45 | Crear | Villager (Male) |
| 18:49 | Investigar | Gold Mining |
| 19:08 | Crear | Villager (Male) |
| 19:29 | Investigar | Castle Age |
| 19:29 | Investigar | Castle Age |
| 19:29 | Investigar | Castle Age |
| 19:29 | Investigar | Castle Age |
| 19:29 | Investigar | Castle Age |
| 19:37 | Crear | Scout Cavalry |
| 19:37 | Crear | Scout Cavalry |
| 19:37 | Crear | Scout Cavalry |
| 19:37 | Crear | Scout Cavalry |
| 19:38 | Crear | Scout Cavalry |
| 19:50 | Crear | Scout Cavalry |
| 19:50 | Crear | Scout Cavalry |
| 19:50 | Crear | Scout Cavalry |
| 19:56 | Construir | Stable |
| 20:09 | Crear | Scout Cavalry |
| 20:09 | Crear | Scout Cavalry |
| 20:09 | Crear | Scout Cavalry |
| 20:09 | Crear | Scout Cavalry |
| 20:25 | Crear | Scout Cavalry |
| 20:25 | Crear | Scout Cavalry |
| 20:25 | Crear | Scout Cavalry |
| 20:25 | Crear | Scout Cavalry |
| 21:09 | Crear | Scout Cavalry |
| 21:09 | Crear | Scout Cavalry |
| 22:13 | Edad | Edad de los Castillos |
| 22:17 | Investigar | Light Cavalry (upgrade) |
| 22:17 | Investigar | Light Cavalry (upgrade) |
Build order — Xololo
Primeras 150 de 625 acciones detectadas
| 0:01 | Crear | Villager (Male) |
| 0:01 | Crear | Villager (Male) |
| 0:01 | Crear | Villager (Male) |
| 0:02 | Construir | House |
| 0:03 | Construir | House |
| 0:31 | Crear | Villager (Male) |
| 1:26 | Crear | Villager (Male) |
| 2:08 | Crear | Villager (Male) |
| 2:11 | Crear | Villager (Male) |
| 2:54 | Crear | Villager (Male) |
| 2:54 | Crear | Villager (Male) |
| 3:03 | Construir | Lumber Camp |
| 3:18 | Crear | Villager (Male) |
| 3:18 | Crear | Villager (Male) |
| 3:20 | Crear | Villager (Male) |
| 3:20 | Crear | Villager (Male) |
| 3:42 | Crear | Villager (Male) |
| 4:04 | Crear | Villager (Male) |
| 4:08 | Crear | Villager (Male) |
| 4:26 | Crear | Villager (Male) |
| 4:32 | Investigar | Loom |
| 4:35 | Construir | House |
| 4:41 | Crear | Villager (Male) |
| 5:18 | Crear | Villager (Male) |
| 5:19 | Crear | Villager (Male) |
| 5:45 | Construir | Mill |
| 6:22 | Investigar | Feudal Age |
| 6:44 | Crear | Villager (Male) |
| 7:14 | Construir | Mining Camp |
| 8:00 | Construir | House |
| 8:03 | Construir | Outpost |
| 8:32 | Edad | Edad Feudal |
| 8:34 | Investigar | Town Watch |
| 8:34 | Crear | Villager (Male) |
| 8:34 | Crear | Villager (Male) |
| 8:38 | Construir | Watch Tower |
| 9:00 | Crear | Villager (Male) |
| 9:00 | Crear | Villager (Male) |
| 9:13 | Construir | Watch Tower |
| 9:39 | Crear | Villager (Male) |
| 10:30 | Construir | Watch Tower |
| 10:37 | Crear | Villager (Male) |
| 10:41 | Construir | Farm |
| 10:53 | Construir | House |
| 10:57 | Construir | House |
| 10:59 | Construir | House |
| 11:07 | Construir | Stone Wall |
| 11:31 | Crear | Villager (Male) |
| 11:39 | Construir | Palisade Wall |
| 11:41 | Construir | Palisade Wall |
| 11:57 | Construir | Palisade Wall |
| 11:58 | Construir | Palisade Wall |
| 11:59 | Construir | Palisade Wall |
| 12:00 | Construir | Palisade Wall |
| 12:02 | Crear | Villager (Male) |
| 12:21 | Construir | Farm |
| 12:22 | Construir | Farm |
| 12:22 | Construir | Farm |
| 12:42 | Crear | Villager (Male) |
| 12:42 | Crear | Villager (Male) |
| 12:45 | Construir | House |
| 12:49 | Construir | Stone Wall |
| 12:51 | Construir | Stone Wall |
| 13:05 | Crear | Villager (Male) |
| 13:30 | Crear | Villager (Male) |
| 13:36 | Construir | House |
| 13:39 | Construir | House |
| 13:44 | Construir | Stone Wall |
| 13:46 | Construir | Stone Wall |
| 13:47 | Construir | Stone Wall |
| 13:52 | Crear | Villager (Male) |
| 14:04 | Crear | Villager (Male) |
| 14:22 | Construir | Stone Wall |
| 14:24 | Construir | Stone Wall |
| 14:26 | Construir | Stone Wall |
| 14:28 | Construir | Stone Wall |
| 14:29 | Crear | Villager (Male) |
| 14:32 | Construir | Barracks |
| 14:47 | Crear | Villager (Male) |
| 14:50 | Crear | Villager (Male) |
| 15:11 | Crear | Villager (Male) |
| 15:11 | Crear | Villager (Male) |
| 15:42 | Construir | Stone Wall |
| 15:44 | Construir | Stone Wall |
| 15:49 | Construir | Stone Wall |
| 15:54 | Investigar | Horse Collar |
| 16:03 | Crear | Villager (Male) |
| 16:08 | Crear | Spearman |
| 16:15 | Construir | House |
| 16:25 | Crear | Villager (Male) |
| 16:30 | Construir | Blacksmith |
| 16:36 | Construir | Farm |
| 16:42 | Crear | Spearman |
| 16:42 | Crear | Spearman |
| 16:57 | Construir | Farm |
| 16:59 | Construir | Farm |
| 17:00 | Construir | Farm |
| 17:01 | Construir | Farm |
| 17:04 | Crear | Villager (Male) |
| 17:37 | Crear | Villager (Male) |
| 17:52 | Construir | Farm |
| 17:53 | Construir | Farm |
| 17:55 | Crear | Villager (Male) |
| 17:59 | Construir | Mining Camp |
| 18:14 | Construir | Lumber Camp |
| 18:22 | Crear | Spearman |
| 18:42 | Crear | Villager (Male) |
| 18:48 | Construir | Farm |
| 18:50 | Construir | Farm |
| 18:51 | Construir | Farm |
| 18:56 | Construir | Outpost |
| 18:59 | Crear | Villager (Male) |
| 19:08 | Construir | Outpost |
| 19:20 | Crear | Villager (Male) |
| 19:30 | Investigar | Double-Bit Axe |
| 19:46 | Construir | House |
| 19:47 | Construir | House |
| 19:51 | Construir | Outpost |
| 19:54 | Crear | Villager (Male) |
| 19:59 | Construir | Outpost |
| 20:05 | Construir | Outpost |
| 20:15 | Crear | Villager (Male) |
| 20:38 | Construir | Market |
| 20:41 | Construir | House |
| 20:42 | Construir | House |
| 20:45 | Crear | Villager (Male) |
| 20:47 | Construir | Farm |
| 20:59 | Construir | Outpost |
| 21:08 | Crear | Villager (Male) |
| 21:33 | Crear | Villager (Male) |
| 21:46 | Construir | Farm |
| 21:49 | Construir | Farm |
| 21:50 | Construir | Farm |
| 21:51 | Construir | Farm |
| 21:52 | Construir | Farm |
| 22:04 | Crear | Villager (Male) |
| 22:13 | Construir | House |
| 22:14 | Construir | House |
| 22:16 | Construir | House |
| 22:24 | Construir | Outpost |
| 22:28 | Construir | Outpost |
| 22:57 | Crear | Villager (Male) |
| 23:00 | Investigar | Castle Age |
| 24:37 | Crear | Villager (Male) |
| 24:37 | Crear | Villager (Male) |
| 25:23 | Construir | House |
| 25:24 | Construir | House |
| 25:34 | Construir | Farm |
| 25:34 | Construir | Farm |
| 25:40 | Edad | Edad de los Castillos |
Build order — César UAM
Primeras 150 de 475 acciones detectadas
| 0:01 | Crear | Villager (Male) ×4 |
| 0:04 | Construir | House |
| 0:05 | Construir | House |
| 1:15 | Crear | Villager (Male) |
| 1:46 | Construir | Lumber Camp |
| 2:01 | Crear | Villager (Male) |
| 2:26 | Crear | Villager (Male) |
| 2:53 | Crear | Villager (Male) |
| 3:17 | Crear | Villager (Male) |
| 3:35 | Crear | Villager (Male) |
| 3:57 | Construir | House |
| 4:07 | Crear | Villager (Male) |
| 4:34 | Crear | Villager (Male) |
| 4:44 | Construir | Mill |
| 4:58 | Crear | Villager (Male) |
| 5:10 | Crear | Villager (Male) |
| 5:50 | Investigar | Loom |
| 6:21 | Investigar | Feudal Age |
| 6:21 | Investigar | Feudal Age |
| 6:49 | Construir | Mining Camp |
| 7:10 | Crear | Villager (Male) |
| 7:23 | Construir | House |
| 7:55 | Crear | Villager (Male) |
| 8:10 | Crear | Villager (Male) |
| 8:17 | Construir | Palisade Wall |
| 8:21 | Crear | Villager (Male) |
| 8:31 | Edad | Edad Feudal |
| 8:43 | Construir | Watch Tower |
| 10:00 | Construir | Watch Tower |
| 10:14 | Crear | Villager (Male) |
| 10:45 | Crear | Villager (Male) |
| 10:57 | Construir | Gate |
| 11:12 | Construir | House |
| 11:14 | Construir | House |
| 11:26 | Construir | House |
| 11:41 | Crear | Villager (Male) |
| 13:36 | Crear | Villager (Male) |
| 14:16 | Construir | Mill |
| 14:56 | Construir | Watch Tower |
| 15:11 | Crear | Villager (Male) |
| 15:12 | Crear | Villager (Male) |
| 15:48 | Crear | Villager (Male) |
| 16:24 | Construir | Stone Wall |
| 16:25 | Construir | Stone Wall |
| 16:26 | Construir | Stone Wall |
| 16:27 | Construir | Stone Wall |
| 16:29 | Construir | Stone Wall |
| 16:29 | Construir | Stone Wall |
| 16:31 | Construir | Stone Wall |
| 16:32 | Crear | Villager (Male) |
| 16:32 | Crear | Villager (Male) |
| 16:46 | Crear | Villager (Male) |
| 16:50 | Crear | Villager (Male) |
| 16:52 | Construir | Farm |
| 16:57 | Investigar | Double-Bit Axe |
| 16:57 | Investigar | Double-Bit Axe |
| 17:23 | Crear | Villager (Male) |
| 17:28 | Construir | Farm |
| 17:30 | Construir | Farm |
| 17:33 | Construir | Farm |
| 17:45 | Crear | Villager (Male) |
| 17:51 | Investigar | Horse Collar |
| 17:51 | Investigar | Horse Collar |
| 18:04 | Crear | Villager (Male) |
| 18:26 | Construir | Farm |
| 18:29 | Construir | Farm |
| 18:31 | Crear | Villager (Male) |
| 18:47 | Crear | Villager (Male) |
| 18:54 | Crear | Villager (Male) |
| 19:00 | Construir | Mining Camp |
| 19:04 | Crear | Villager (Male) |
| 19:32 | Crear | Villager (Male) |
| 19:50 | Crear | Villager (Male) |
| 19:55 | Construir | Blacksmith |
| 20:02 | Construir | Market |
| 20:09 | Construir | House |
| 20:11 | Construir | House |
| 20:13 | Crear | Villager (Male) |
| 20:26 | Construir | Farm |
| 20:29 | Construir | Farm |
| 20:44 | Crear | Villager (Male) |
| 20:48 | Crear | Villager (Male) |
| 20:58 | Construir | Stone Wall |
| 21:03 | Crear | Villager (Male) |
| 21:20 | Construir | Farm |
| 21:25 | Construir | Farm |
| 21:28 | Construir | Farm |
| 22:01 | Crear | Villager (Male) |
| 22:22 | Crear | Villager (Male) |
| 22:49 | Investigar | Castle Age |
| 22:49 | Investigar | Castle Age |
| 23:22 | Construir | Farm |
| 24:04 | Investigar | Scale Mail Armor |
| 24:06 | Crear | Villager (Male) |
| 24:11 | Construir | Farm |
| 24:22 | Construir | Farm |
| 24:25 | Construir | Farm |
| 24:43 | Crear | Villager (Male) |
| 25:04 | Investigar | Forging |
| 25:31 | Edad | Edad de los Castillos |
| 25:37 | Construir | Castle |
| 25:41 | Investigar | Chain Mail Armor |
| 25:54 | Construir | Siege Workshop |
| 26:05 | Crear | Villager (Male) |
| 26:39 | Crear | Mangonel |
| 26:44 | Crear | Villager (Male) |
| 26:52 | Construir | Stone Wall |
| 26:59 | Crear | Teutonic Knight |
| 26:59 | Crear | Teutonic Knight |
| 26:59 | Crear | Teutonic Knight |
| 27:11 | Crear | Teutonic Knight |
| 27:12 | Crear | Villager (Male) |
| 27:17 | Construir | Farm |
| 27:20 | Construir | Farm |
| 27:41 | Crear | Teutonic Knight |
| 28:00 | Crear | Mangonel |
| 28:10 | Crear | Villager (Male) |
| 28:19 | Crear | Teutonic Knight |
| 28:19 | Crear | Teutonic Knight |
| 28:25 | Crear | Villager (Male) |
| 28:32 | Crear | Teutonic Knight |
| 28:44 | Crear | Battering Ram |
| 28:45 | Crear | Battering Ram |
| 28:57 | Crear | Villager (Male) |
| 28:58 | Crear | Teutonic Knight |
| 28:59 | Crear | Teutonic Knight |
| 29:09 | Construir | Farm |
| 29:11 | Construir | Farm |
| 29:13 | Construir | Farm |
| 29:16 | Crear | Teutonic Knight |
| 29:16 | Crear | Teutonic Knight |
| 29:24 | Crear | Villager (Male) |
| 29:27 | Crear | Teutonic Knight |
| 29:27 | Crear | Teutonic Knight |
| 29:42 | Crear | Villager (Male) |
| 30:13 | Crear | Villager (Male) |
| 30:19 | Construir | Farm |
| 30:22 | Construir | Farm |
| 30:23 | Crear | Teutonic Knight |
| 30:33 | Crear | Battering Ram |
| 30:34 | Crear | Villager (Male) |
| 30:37 | Construir | Farm |
| 30:37 | Construir | Farm |
| 30:41 | Construir | Farm |
| 30:42 | Construir | Farm |
| 30:44 | Crear | Teutonic Knight |
| 30:50 | Construir | Farm |
| 30:51 | Crear | Villager (Male) |
| 31:06 | Crear | Teutonic Knight |
| 31:07 | Crear | Teutonic Knight |
Build order — [SotC] Spirit
Primeras 150 de 885 acciones detectadas
| 0:02 | Crear | Villager (Male) |
| 0:03 | Crear | Villager (Male) |
| 0:04 | Crear | Villager (Male) |
| 0:04 | Crear | Villager (Male) |
| 0:05 | Construir | House |
| 0:07 | Construir | House |
| 1:10 | Crear | Villager (Male) |
| 1:11 | Crear | Villager (Male) |
| 2:05 | Crear | Villager (Male) |
| 2:05 | Crear | Villager (Male) |
| 2:28 | Crear | Villager (Male) |
| 2:29 | Crear | Villager (Male) |
| 2:45 | Construir | Lumber Camp |
| 2:51 | Crear | Villager (Male) |
| 2:52 | Crear | Villager (Male) |
| 2:57 | Crear | Villager (Male) |
| 3:22 | Crear | Villager (Male) |
| 3:51 | Crear | Villager (Male) |
| 3:51 | Crear | Villager (Male) |
| 4:10 | Construir | House |
| 4:11 | Construir | House |
| 4:27 | Crear | Villager (Male) |
| 4:50 | Crear | Villager (Male) |
| 5:19 | Crear | Villager (Male) |
| 5:28 | Crear | Villager (Male) |
| 5:32 | Construir | Mill |
| 6:26 | Crear | Villager (Male) |
| 6:35 | Construir | Mining Camp |
| 6:38 | Construir | Mining Camp |
| 6:56 | Crear | Villager (Male) |
| 7:31 | Crear | Villager (Male) |
| 7:58 | Construir | House |
| 7:59 | Construir | House |
| 8:13 | Crear | Villager (Male) |
| 8:25 | Construir | Mining Camp |
| 8:28 | Crear | Villager (Male) |
| 9:06 | Investigar | Feudal Age |
| 9:23 | Construir | Farm |
| 9:26 | Construir | Farm |
| 9:38 | Crear | Villager (Male) |
| 9:42 | Crear | Villager (Male) |
| 11:23 | Edad | Edad Feudal |
| 11:25 | Construir | Market |
| 11:27 | Construir | Blacksmith |
| 12:06 | Investigar | Castle Age |
| 13:05 | Investigar | Horse Collar |
| 13:25 | Investigar | Double-Bit Axe |
| 13:27 | Construir | Farm |
| 13:29 | Construir | Farm |
| 13:50 | Construir | Farm |
| 14:07 | Construir | Farm |
| 14:16 | Crear | Villager (Male) |
| 14:20 | Investigar | Loom |
| 14:21 | Crear | Villager (Male) |
| 14:53 | Edad | Edad de los Castillos |
| 14:58 | Construir | Castle |
| 15:07 | Crear | Villager (Male) |
| 15:48 | Crear | Villager (Male) |
| 15:55 | Crear | Villager (Male) |
| 16:11 | Construir | Farm |
| 16:11 | Construir | Farm |
| 16:25 | Crear | Conquistador |
| 16:26 | Crear | Conquistador |
| 16:28 | Construir | Farm |
| 16:28 | Construir | Farm |
| 16:30 | Construir | Farm |
| 16:31 | Construir | Farm |
| 16:32 | Construir | Farm |
| 16:37 | Crear | Villager (Male) |
| 16:50 | Construir | Farm |
| 16:52 | Construir | Farm |
| 16:54 | Construir | Farm |
| 17:14 | Crear | Conquistador |
| 17:19 | Crear | Villager (Male) |
| 17:38 | Crear | Conquistador |
| 17:38 | Crear | Conquistador |
| 17:45 | Construir | Lumber Camp |
| 17:56 | Crear | Villager (Male) |
| 17:59 | Construir | Farm |
| 18:06 | Crear | Conquistador |
| 18:16 | Crear | Villager (Male) |
| 18:27 | Construir | Stone Wall |
| 18:32 | Construir | Stone Wall |
| 18:34 | Construir | Gate |
| 18:37 | Construir | Stone Wall |
| 18:40 | Crear | Villager (Male) |
| 18:41 | Construir | Farm |
| 18:43 | Construir | Farm |
| 18:44 | Construir | Farm |
| 18:48 | Crear | Conquistador |
| 18:54 | Crear | Villager (Male) |
| 19:07 | Crear | Conquistador |
| 19:20 | Crear | Villager (Male) |
| 19:27 | Construir | Farm |
| 19:28 | Construir | Farm |
| 19:29 | Construir | Farm |
| 19:32 | Crear | Conquistador |
| 19:47 | Construir | Farm |
| 19:50 | Construir | Farm |
| 19:53 | Crear | Villager (Male) |
| 20:06 | Crear | Conquistador |
| 20:08 | Crear | Villager (Male) |
| 20:23 | Crear | Conquistador |
| 20:27 | Construir | Stone Wall |
| 20:29 | Construir | Stone Wall |
| 20:39 | Crear | Conquistador |
| 20:44 | Crear | Conquistador |
| 21:01 | Construir | Stone Wall |
| 21:03 | Crear | Conquistador |
| 21:05 | Construir | Stone Wall |
| 21:11 | Crear | Conquistador |
| 21:14 | Crear | Villager (Male) |
| 21:20 | Crear | Villager (Male) |
| 21:26 | Construir | Stone Wall |
| 21:34 | Crear | Conquistador |
| 21:41 | Crear | Villager (Male) |
| 22:12 | Crear | Conquistador |
| 22:20 | Crear | Villager (Male) |
| 22:30 | Crear | Villager (Male) |
| 22:34 | Investigar | Wheelbarrow |
| 22:53 | Construir | Stone Wall |
| 22:56 | Crear | Conquistador |
| 23:20 | Construir | Siege Workshop |
| 23:26 | Crear | Conquistador |
| 23:33 | Construir | Town Center |
| 23:38 | Crear | Conquistador |
| 23:52 | Construir | Stone Wall |
| 23:54 | Construir | Stone Wall |
| 23:54 | Construir | Stone Wall |
| 24:02 | Crear | Villager (Male) |
| 24:03 | Crear | Villager (Male) |
| 24:03 | Investigar | Bow Saw |
| 24:05 | Construir | House |
| 24:06 | Construir | House |
| 24:07 | Construir | House |
| 24:07 | Construir | House |
| 24:08 | Construir | House |
| 24:20 | Crear | Mangonel |
| 24:25 | Crear | Mangonel |
| 24:36 | Crear | Villager (Male) |
| 24:36 | Crear | Villager (Male) |
| 24:40 | Construir | Mining Camp |
| 24:41 | Crear | Villager (Male) |
| 24:49 | Crear | Villager (Male) |
| 24:55 | Construir | Barracks |
| 25:04 | Crear | Conquistador |
| 25:08 | Crear | Conquistador |
| 25:09 | Crear | Villager (Male) |
| 25:24 | Crear | Villager (Male) |
| 25:26 | Crear | Conquistador |
Build order — Pez Kaladura
Primeras 150 de 799 acciones detectadas
| 0:01 | Crear | Villager (Male) |
| 0:01 | Crear | Villager (Male) |
| 0:01 | Crear | Villager (Male) |
| 0:02 | Crear | Villager (Male) |
| 0:05 | Construir | House |
| 0:18 | Construir | House |
| 0:18 | Construir | House |
| 0:21 | Construir | House |
| 0:32 | Construir | Mill |
| 1:31 | Crear | Villager (Male) |
| 2:12 | Crear | Villager (Male) |
| 2:18 | Crear | Villager (Male) |
| 2:42 | Crear | Villager (Male) |
| 3:11 | Crear | Villager (Male) |
| 3:34 | Crear | Villager (Male) |
| 4:07 | Crear | Villager (Male) |
| 4:08 | Crear | Villager (Male) |
| 4:08 | Crear | Villager (Male) |
| 4:08 | Crear | Villager (Male) |
| 4:20 | Crear | Villager (Male) |
| 4:36 | Crear | Villager (Male) |
| 4:36 | Crear | Villager (Male) |
| 5:14 | Crear | Villager (Male) |
| 5:15 | Crear | Villager (Male) |
| 5:15 | Crear | Villager (Male) |
| 5:15 | Crear | Villager (Male) |
| 5:50 | Crear | Villager (Male) |
| 6:00 | Crear | Villager (Male) |
| 6:00 | Crear | Villager (Male) |
| 7:10 | Construir | Lumber Camp |
| 7:34 | Investigar | Feudal Age |
| 7:34 | Investigar | Feudal Age |
| 8:08 | Construir | House |
| 8:10 | Construir | House |
| 8:12 | Construir | House |
| 8:16 | Crear | Villager (Male) |
| 8:16 | Crear | Villager (Male) |
| 8:17 | Crear | Villager (Male) |
| 8:51 | Crear | Villager (Male) |
| 8:51 | Crear | Villager (Male) |
| 9:43 | Crear | Villager (Male) |
| 9:47 | Edad | Edad Feudal |
| 9:52 | Construir | Market |
| 9:55 | Construir | Blacksmith |
| 10:08 | Crear | Villager (Male) |
| 10:17 | Construir | Mining Camp |
| 10:18 | Crear | Villager (Male) |
| 11:43 | Investigar | Horse Collar |
| 12:31 | Construir | Farm |
| 12:31 | Construir | Farm |
| 12:32 | Construir | Farm |
| 12:33 | Construir | Farm |
| 12:34 | Construir | Farm |
| 12:34 | Construir | Farm |
| 12:35 | Construir | Farm |
| 12:40 | Construir | Farm |
| 13:04 | Construir | Farm |
| 13:28 | Investigar | Castle Age |
| 14:35 | Construir | Farm |
| 14:35 | Construir | Farm |
| 14:36 | Construir | Farm |
| 14:41 | Investigar | Loom |
| 14:45 | Investigar | Wheelbarrow |
| 15:39 | Investigar | Double-Bit Axe |
| 15:42 | Crear | Villager (Male) |
| 16:08 | Edad | Edad de los Castillos |
| 16:09 | Construir | Siege Workshop |
| 16:14 | Construir | Monastery |
| 16:16 | Crear | Villager (Male) |
| 16:38 | Crear | Armored Elephant |
| 16:38 | Crear | Armored Elephant |
| 16:39 | Crear | Armored Elephant |
| 16:52 | Crear | Armored Elephant |
| 16:52 | Crear | Armored Elephant |
| 17:11 | Crear | Monk |
| 17:22 | Crear | Monk |
| 17:41 | Crear | Villager (Male) |
| 17:45 | Construir | Barracks |
| 17:53 | Crear | Villager (Male) |
| 18:13 | Crear | Armored Elephant |
| 18:13 | Crear | Armored Elephant |
| 18:14 | Crear | Armored Elephant |
| 18:23 | Construir | Stable |
| 18:37 | Construir | House |
| 18:37 | Construir | House |
| 18:37 | Construir | House |
| 18:38 | Construir | House |
| 18:38 | Construir | House |
| 19:05 | Crear | Monk |
| 19:16 | Construir | Stable |
| 19:53 | Crear | Monk |
| 19:59 | Investigar | Husbandry |
| 20:02 | Construir | Stable |
| 20:27 | Crear | Armored Elephant |
| 21:47 | Crear | Villager (Male) |
| 21:48 | Crear | Villager (Male) |
| 21:48 | Crear | Villager (Male) |
| 22:13 | Crear | Armored Elephant |
| 22:13 | Crear | Armored Elephant |
| 22:13 | Crear | Armored Elephant |
| 22:19 | Construir | Siege Workshop |
| 22:42 | Crear | Villager (Male) |
| 22:45 | Crear | Villager (Male) |
| 23:03 | Construir | Stable |
| 23:09 | Crear | Villager (Male) |
| 23:13 | Crear | Armored Elephant |
| 23:13 | Crear | Armored Elephant |
| 23:21 | Crear | Villager (Male) |
| 23:22 | Crear | Villager (Male) |
| 23:32 | Crear | Villager (Male) |
| 23:39 | Crear | Armored Elephant |
| 23:57 | Construir | House |
| 23:58 | Construir | House |
| 23:58 | Construir | House |
| 23:59 | Crear | Villager (Male) |
| 24:04 | Construir | Farm |
| 24:04 | Construir | Farm |
| 24:05 | Construir | Farm |
| 24:05 | Construir | Farm |
| 24:06 | Construir | Farm |
| 24:07 | Construir | Farm |
| 24:07 | Construir | Farm |
| 24:21 | Crear | Armored Elephant |
| 24:24 | Investigar | Bloodlines |
| 24:28 | Crear | Villager (Male) |
| 24:33 | Investigar | Loom |
| 24:43 | Crear | Camel Scout |
| 25:20 | Crear | Camel Scout |
| 25:20 | Crear | Camel Scout |
| 25:20 | Crear | Camel Scout |
| 25:36 | Crear | Villager (Male) |
| 25:40 | Investigar | Scale Barding Armor |
| 26:01 | Crear | Camel Scout |
| 26:03 | Crear | Camel Scout |
| 26:09 | Crear | Villager (Male) |
| 26:12 | Crear | Villager (Male) |
| 26:29 | Construir | Farm |
| 26:46 | Construir | Farm |
| 26:48 | Crear | Villager (Male) |
| 26:51 | Crear | Camel Scout |
| 26:51 | Crear | Camel Scout |
| 26:51 | Crear | Camel Scout |
| 26:54 | Crear | Camel Scout |
| 27:45 | Investigar | Forging |
| 28:26 | Crear | Villager (Male) |
| 28:26 | Crear | Villager (Male) |
| 28:26 | Crear | Villager (Male) |
| 28:27 | Construir | Farm |
| 28:28 | Construir | Farm |
| 28:39 | Crear | Villager (Male) |
Build order — number5
Primeras 150 de 649 acciones detectadas
| 0:01 | Crear | Villager (Male) |
| 0:01 | Crear | Villager (Male) |
| 0:01 | Crear | Villager (Male) |
| 0:01 | Crear | Villager (Male) |
| 0:01 | Crear | Villager (Male) |
| 0:01 | Crear | Villager (Male) |
| 0:02 | Construir | House |
| 0:04 | Construir | House |
| 1:32 | Crear | Villager (Male) |
| 1:32 | Crear | Villager (Male) |
| 1:47 | Crear | Villager (Male) |
| 1:47 | Crear | Villager (Male) |
| 2:09 | Crear | Villager (Male) |
| 2:09 | Crear | Villager (Male) |
| 2:11 | Construir | Lumber Camp |
| 2:30 | Crear | Villager (Male) |
| 2:31 | Crear | Villager (Male) |
| 2:46 | Crear | Villager (Male) |
| 3:18 | Crear | Villager (Male) |
| 3:19 | Crear | Villager (Male) |
| 3:39 | Crear | Villager (Male) |
| 3:40 | Crear | Villager (Male) |
| 4:09 | Construir | House |
| 4:29 | Crear | Villager (Male) |
| 5:16 | Crear | Villager (Male) |
| 5:34 | Construir | Mill |
| 5:45 | Crear | Villager (Male) |
| 6:28 | Investigar | Feudal Age |
| 6:28 | Investigar | Feudal Age |
| 6:52 | Construir | House |
| 8:38 | Edad | Edad Feudal |
| 8:59 | Crear | Villager (Male) |
| 9:06 | Construir | Town Center |
| 9:30 | Crear | Villager (Male) |
| 9:30 | Crear | Villager (Male) |
| 9:33 | Investigar | Loom |
| 9:48 | Crear | Villager (Male) |
| 10:10 | Crear | Villager (Male) |
| 10:22 | Crear | Villager (Male) |
| 11:38 | Construir | Farm |
| 11:39 | Construir | Farm |
| 11:40 | Construir | Farm |
| 11:54 | Crear | Villager (Male) |
| 11:54 | Crear | Villager (Male) |
| 11:54 | Crear | Villager (Male) |
| 11:54 | Crear | Villager (Male) |
| 11:55 | Crear | Villager (Male) |
| 12:02 | Investigar | Horse Collar |
| 12:09 | Construir | Farm |
| 12:28 | Crear | Villager (Male) |
| 12:30 | Construir | Farm |
| 12:32 | Construir | Farm |
| 12:49 | Construir | House |
| 13:00 | Crear | Villager (Male) |
| 13:00 | Crear | Villager (Male) |
| 13:03 | Construir | Farm |
| 13:05 | Construir | Farm |
| 13:08 | Construir | Farm |
| 13:10 | Crear | Villager (Male) |
| 13:11 | Crear | Villager (Male) |
| 13:19 | Construir | House |
| 13:23 | Construir | Farm |
| 13:26 | Crear | Villager (Male) |
| 13:27 | Crear | Villager (Male) |
| 13:27 | Crear | Villager (Male) |
| 14:06 | Crear | Villager (Male) |
| 14:07 | Crear | Villager (Male) |
| 14:07 | Crear | Villager (Male) |
| 14:07 | Crear | Villager (Male) |
| 14:10 | Construir | House |
| 14:19 | Investigar | Double-Bit Axe |
| 14:19 | Investigar | Double-Bit Axe |
| 14:21 | Crear | Villager (Male) |
| 14:21 | Crear | Villager (Male) |
| 14:50 | Construir | House |
| 14:51 | Crear | Villager (Male) |
| 14:51 | Crear | Villager (Male) |
| 14:51 | Crear | Villager (Male) |
| 14:51 | Crear | Villager (Male) |
| 14:57 | Construir | Farm |
| 15:01 | Crear | Villager (Male) |
| 15:12 | Construir | Farm |
| 15:14 | Crear | Villager (Male) |
| 15:14 | Crear | Villager (Male) |
| 15:17 | Crear | Villager (Male) |
| 15:18 | Crear | Villager (Male) |
| 15:27 | Construir | House |
| 15:41 | Crear | Villager (Male) |
| 16:05 | Crear | Villager (Male) |
| 16:08 | Construir | Mining Camp |
| 16:18 | Construir | Farm |
| 16:26 | Crear | Villager (Male) |
| 16:30 | Crear | Villager (Male) |
| 16:42 | Construir | Farm |
| 16:43 | Crear | Villager (Male) |
| 16:43 | Crear | Villager (Male) |
| 16:44 | Crear | Villager (Male) |
| 16:44 | Crear | Villager (Male) |
| 17:23 | Construir | Market |
| 17:37 | Crear | Villager (Male) |
| 17:44 | Crear | Villager (Male) |
| 18:12 | Construir | Blacksmith |
| 18:55 | Investigar | Castle Age |
| 18:58 | Crear | Villager (Male) |
| 18:58 | Crear | Villager (Male) |
| 19:01 | Construir | Barracks |
| 19:03 | Construir | Farm |
| 19:05 | Construir | Farm |
| 19:11 | Construir | Farm |
| 19:13 | Construir | Farm |
| 19:33 | Construir | House |
| 19:36 | Investigar | Scale Barding Armor |
| 19:41 | Crear | Villager (Male) |
| 19:41 | Crear | Villager (Male) |
| 19:42 | Crear | Villager (Male) |
| 19:52 | Crear | Villager (Male) |
| 20:00 | Construir | Stable |
| 20:09 | Construir | Stable |
| 20:16 | Construir | Farm |
| 20:19 | Construir | Farm |
| 20:23 | Construir | Farm |
| 20:24 | Investigar | Gold Mining |
| 20:29 | Construir | Farm |
| 20:43 | Construir | Farm |
| 20:45 | Investigar | Bloodlines |
| 20:46 | Investigar | Bloodlines |
| 20:52 | Construir | House |
| 20:54 | Construir | House |
| 20:55 | Construir | House |
| 20:56 | Construir | House |
| 20:59 | Construir | House |
| 21:27 | Construir | Farm |
| 21:35 | Edad | Edad de los Castillos |
| 21:38 | Crear | Knight |
| 21:38 | Crear | Knight |
| 21:40 | Crear | Knight |
| 21:44 | Crear | Villager (Male) |
| 21:45 | Crear | Villager (Male) |
| 21:47 | Construir | Lumber Camp |
| 21:53 | Crear | Knight |
| 22:19 | Crear | Villager (Male) |
| 22:21 | Crear | Knight |
| 22:43 | Construir | Siege Workshop |
| 22:55 | Crear | Villager (Male) |
| 23:03 | Crear | Knight |
| 23:03 | Crear | Steppe Lancer |
| 23:04 | Crear | Steppe Lancer |
| 23:04 | Crear | Steppe Lancer |
| 23:05 | Crear | Villager (Male) |
| 23:05 | Crear | Villager (Male) |
Build order — Ed
Primeras 150 de 770 acciones detectadas
| 0:02 | Construir | House |
| 0:03 | Construir | House |
| 0:09 | Crear | Villager (Male) |
| 0:18 | Crear | Villager (Male) |
| 0:18 | Crear | Villager (Male) |
| 0:18 | Crear | Villager (Male) |
| 0:18 | Crear | Villager (Male) |
| 0:19 | Crear | Villager (Male) |
| 0:38 | Construir | Mill |
| 1:35 | Investigar | Loom |
| 1:40 | Crear | Villager (Male) |
| 1:59 | Crear | Villager (Male) |
| 1:59 | Crear | Villager (Male) |
| 2:42 | Crear | Villager (Male) |
| 2:43 | Crear | Villager (Male) |
| 2:43 | Crear | Villager (Male) |
| 3:05 | Crear | Villager (Male) |
| 3:06 | Crear | Villager (Male) |
| 3:09 | Crear | Villager (Male) |
| 3:38 | Crear | Villager (Male) |
| 3:38 | Crear | Villager (Male) |
| 3:41 | Construir | House |
| 3:43 | Construir | House |
| 3:58 | Crear | Villager (Male) |
| 3:58 | Crear | Villager (Male) |
| 4:28 | Crear | Villager (Male) |
| 4:28 | Crear | Villager (Male) |
| 4:28 | Crear | Villager (Male) |
| 5:06 | Crear | Villager (Male) |
| 5:06 | Crear | Villager (Male) |
| 5:06 | Crear | Villager (Male) |
| 5:12 | Construir | Lumber Camp |
| 5:27 | Construir | House |
| 6:51 | Crear | Villager (Male) |
| 7:00 | Crear | Villager (Male) |
| 7:20 | Construir | Mining Camp |
| 7:48 | Crear | Villager (Male) |
| 7:49 | Investigar | Loom |
| 7:49 | Investigar | Feudal Age |
| 10:42 | Crear | Villager (Male) |
| 10:43 | Crear | Villager (Male) |
| 10:48 | Edad | Edad Feudal |
| 10:51 | Construir | Farm |
| 11:03 | Construir | Market |
| 11:04 | Construir | Blacksmith |
| 11:46 | Investigar | Castle Age |
| 12:06 | Construir | Barracks |
| 12:15 | Investigar | Double-Bit Axe |
| 12:15 | Investigar | Double-Bit Axe |
| 13:12 | Construir | Stable |
| 13:29 | Construir | House |
| 14:00 | Construir | Stable |
| 14:24 | Crear | Villager (Male) |
| 14:26 | Edad | Edad de los Castillos |
| 14:31 | Investigar | Bloodlines |
| 14:33 | Crear | Shrivamsha Rider |
| 14:39 | Construir | Farm |
| 14:41 | Construir | Farm |
| 14:46 | Crear | Villager (Male) |
| 14:57 | Construir | House |
| 15:07 | Crear | Camel Scout |
| 15:10 | Construir | Farm |
| 15:17 | Construir | Farm |
| 15:18 | Crear | Villager (Male) |
| 15:39 | Crear | Camel Scout |
| 15:44 | Construir | Farm |
| 15:49 | Construir | House |
| 16:08 | Crear | Shrivamsha Rider |
| 16:11 | Construir | Farm |
| 16:14 | Crear | Villager (Male) |
| 16:30 | Crear | Villager (Male) |
| 16:31 | Crear | Villager (Male) |
| 16:34 | Construir | Farm |
| 16:35 | Construir | Farm |
| 16:39 | Construir | House |
| 16:55 | Construir | Farm |
| 16:56 | Crear | Villager (Male) |
| 16:57 | Crear | Shrivamsha Rider |
| 17:11 | Crear | Villager (Male) |
| 17:33 | Construir | Lumber Camp |
| 17:39 | Crear | Camel Scout |
| 17:59 | Crear | Shrivamsha Rider |
| 18:16 | Construir | Farm |
| 18:17 | Crear | Villager (Male) |
| 18:21 | Crear | Villager (Male) |
| 18:38 | Crear | Villager (Male) |
| 18:40 | Construir | Farm |
| 19:04 | Crear | Villager (Male) |
| 19:06 | Crear | Camel Scout |
| 19:14 | Crear | Villager (Male) |
| 19:15 | Construir | Farm |
| 19:16 | Construir | Farm |
| 19:22 | Investigar | Horse Collar |
| 19:40 | Construir | Farm |
| 20:02 | Construir | Farm |
| 20:03 | Crear | Villager (Male) |
| 20:03 | Crear | Villager (Male) |
| 20:18 | Investigar | Scale Barding Armor |
| 20:20 | Crear | Shrivamsha Rider |
| 20:23 | Construir | House |
| 20:24 | Construir | House |
| 20:38 | Crear | Shrivamsha Rider |
| 20:39 | Crear | Camel Scout |
| 20:47 | Crear | Villager (Male) |
| 20:48 | Construir | Farm |
| 21:03 | Crear | Shrivamsha Rider |
| 21:09 | Crear | Villager (Male) |
| 21:13 | Construir | Town Center |
| 21:17 | Crear | Shrivamsha Rider |
| 21:23 | Construir | House |
| 21:24 | Construir | House |
| 21:54 | Crear | Camel Scout |
| 21:55 | Crear | Shrivamsha Rider |
| 22:15 | Investigar | Husbandry |
| 22:16 | Crear | Villager (Male) ×3 |
| 22:18 | Construir | Farm |
| 22:18 | Construir | Farm |
| 22:18 | Construir | Farm |
| 22:19 | Construir | Farm |
| 22:19 | Construir | Farm |
| 22:22 | Crear | Villager (Male) |
| 22:34 | Crear | Camel Scout |
| 22:41 | Crear | Villager (Male) |
| 22:50 | Construir | Farm |
| 22:53 | Construir | Farm |
| 23:07 | Crear | Shrivamsha Rider |
| 23:10 | Crear | Villager (Male) |
| 23:15 | Construir | Farm |
| 23:28 | Crear | Villager (Male) ×2 |
| 23:43 | Construir | Farm |
| 23:51 | Investigar | Chain Barding Armor |
| 23:51 | Investigar | Chain Barding Armor |
| 23:56 | Construir | Farm |
| 23:59 | Construir | Farm |
| 24:02 | Construir | Farm |
| 24:03 | Construir | Farm |
| 24:14 | Crear | Villager (Male) |
| 24:19 | Crear | Camel Scout |
| 24:24 | Crear | Shrivamsha Rider |
| 24:28 | Crear | Villager (Male) |
| 24:58 | Crear | Camel Scout |
| 25:05 | Crear | Villager (Male) |
| 25:18 | Crear | Shrivamsha Rider |
| 25:19 | Crear | Villager (Male) ×4 |
| 25:27 | Crear | Shrivamsha Rider ×2 |
| 25:31 | Crear | Camel Scout |
| 25:32 | Crear | Camel Scout |
| 25:36 | Crear | Villager (Male) ×2 |
| 25:44 | Construir | House |
| 25:46 | Construir | House |
Build order — AM | thatsnotPG
Primeras 150 de 414 acciones detectadas
| 0:01 | Crear | Villager (Male) ×4 |
| 0:02 | Construir | House |
| 0:45 | Construir | House |
| 0:46 | Construir | House |
| 0:46 | Construir | House |
| 1:45 | Crear | Villager (Male) |
| 2:03 | Crear | Villager (Male) |
| 2:20 | Crear | Villager (Male) |
| 3:05 | Crear | Villager (Male) |
| 3:13 | Crear | Villager (Male) |
| 3:23 | Crear | Villager (Male) |
| 3:24 | Construir | Lumber Camp |
| 3:35 | Crear | Villager (Male) |
| 4:42 | Crear | Villager (Male) |
| 5:08 | Construir | Mining Camp |
| 5:09 | Crear | Villager (Male) |
| 5:14 | Crear | Villager (Male) |
| 6:05 | Investigar | Feudal Age |
| 7:14 | Construir | Barracks |
| 7:18 | Construir | House |
| 7:18 | Construir | House |
| 7:34 | Crear | Villager (Male) |
| 7:34 | Crear | Villager (Male) |
| 8:15 | Edad | Edad Feudal |
| 8:17 | Crear | Villager (Male) |
| 8:17 | Investigar | Double-Bit Axe |
| 8:39 | Construir | Archery Range |
| 8:59 | Construir | House |
| 9:01 | Construir | House |
| 9:04 | Crear | Villager (Male) |
| 9:16 | Construir | Mill |
| 9:34 | Construir | Gate |
| 9:39 | Crear | Archer |
| 9:39 | Crear | Archer |
| 9:56 | Crear | Villager (Male) |
| 10:24 | Crear | Villager (Male) |
| 10:25 | Crear | Archer |
| 10:31 | Construir | Archery Range |
| 10:39 | Construir | Blacksmith |
| 10:50 | Crear | Villager (Male) |
| 11:13 | Crear | Villager (Male) |
| 11:23 | Crear | Archer |
| 11:24 | Crear | Villager (Male) |
| 11:40 | Crear | Archer |
| 12:05 | Crear | Villager (Male) |
| 12:08 | Crear | Villager (Male) |
| 12:09 | Crear | Archer |
| 12:14 | Construir | Farm |
| 12:16 | Construir | Farm |
| 12:17 | Construir | Farm |
| 12:19 | Construir | Farm |
| 12:29 | Construir | Farm |
| 12:31 | Crear | Villager (Male) |
| 12:35 | Construir | Farm |
| 12:36 | Crear | Archer |
| 12:37 | Crear | Villager (Male) |
| 12:43 | Construir | Farm |
| 13:08 | Construir | Farm |
| 13:30 | Construir | Farm |
| 13:31 | Crear | Villager (Male) |
| 13:32 | Crear | Archer |
| 13:41 | Crear | Archer |
| 13:42 | Crear | Villager (Male) |
| 13:48 | Construir | Farm |
| 14:16 | Construir | Farm |
| 14:25 | Crear | Villager (Male) |
| 14:39 | Construir | Farm |
| 14:51 | Crear | Archer |
| 14:52 | Crear | Militia |
| 14:59 | Crear | Villager (Male) |
| 15:04 | Construir | House |
| 15:28 | Investigar | Castle Age |
| 15:30 | Crear | Archer |
| 15:34 | Construir | Stone Wall |
| 15:36 | Construir | Stone Wall |
| 16:55 | Investigar | Fletching |
| 16:57 | Crear | Archer |
| 17:08 | Investigar | Horse Collar |
| 17:35 | Construir | House |
| 17:35 | Construir | House |
| 17:45 | Crear | Archer |
| 18:15 | Edad | Edad de los Castillos |
| 18:18 | Investigar | Crossbowman (upgrade) |
| 18:19 | Investigar | Thumb Ring |
| 18:21 | Investigar | Bodkin Arrow |
| 18:27 | Construir | University |
| 18:31 | Crear | Villager (Male) |
| 18:54 | Construir | House |
| 18:55 | Construir | Farm |
| 18:56 | Construir | Farm |
| 19:10 | Crear | Archer |
| 19:15 | Crear | Villager (Male) |
| 19:17 | Crear | Villager (Male) |
| 19:22 | Construir | Farm |
| 19:30 | Investigar | Ballistics |
| 19:32 | Crear | Villager (Male) |
| 19:34 | Crear | Archer |
| 20:08 | Investigar | Wheelbarrow |
| 20:08 | Crear | Villager (Male) |
| 20:24 | Investigar | Padded Archer Armor |
| 20:26 | Crear | Archer |
| 20:26 | Crear | Archer |
| 21:31 | Investigar | Leather Archer Armor |
| 21:32 | Crear | Archer |
| 21:32 | Crear | Archer |
| 21:32 | Crear | Villager (Male) |
| 21:33 | Crear | Villager (Male) |
| 22:31 | Crear | Archer |
| 22:31 | Crear | Archer |
| 22:32 | Crear | Villager (Male) |
| 23:07 | Crear | Archer |
| 23:08 | Crear | Villager (Male) |
| 23:11 | Construir | House |
| 23:11 | Construir | House |
| 23:12 | Construir | House |
| 23:13 | Construir | House |
| 23:24 | Investigar | Bow Saw |
| 23:33 | Construir | House |
| 23:33 | Construir | House |
| 23:40 | Crear | Villager (Male) |
| 23:54 | Crear | Archer |
| 24:06 | Crear | Villager (Male) |
| 24:09 | Construir | Farm |
| 24:30 | Construir | Monastery |
| 24:33 | Crear | Villager (Male) |
| 25:22 | Investigar | Imperial Age |
| 25:33 | Crear | Archer |
| 25:37 | Construir | Archery Range |
| 25:51 | Crear | Archer |
| 25:59 | Investigar | Gold Mining |
| 26:49 | Crear | Archer |
| 26:49 | Crear | Archer |
| 26:52 | Crear | Archer |
| 26:52 | Crear | Archer |
| 27:27 | Crear | Archer |
| 27:27 | Crear | Archer |
| 27:28 | Crear | Villager (Male) |
| 27:28 | Crear | Villager (Male) |
| 28:17 | Crear | Archer |
| 28:17 | Crear | Archer |
| 28:18 | Crear | Villager (Male) |
| 28:18 | Crear | Villager (Male) |
| 28:32 | Edad | Edad Imperial |
| 28:36 | Investigar | Bracer |
| 28:38 | Investigar | Chemistry |
| 28:41 | Investigar | Hand Cart |
| 28:45 | Investigar | Loom |
| 29:23 | Crear | Archer |
| 29:24 | Crear | Archer |
| 29:24 | Crear | Archer |
Cronología de la partida
| 7:14 | AM | thatsnotPG · first_building Barracks |
| 7:52 | BF_Xin · first_building Barracks |
| 8:15 | AM | thatsnotPG · age_up feudal |
| 8:17 | César UAM · wall_segment Palisade Wall x3 |
| 8:31 | César UAM · age_up feudal |
| 8:32 | Xololo · age_up feudal |
| 8:38 | number5 · age_up feudal |
| 8:39 | AM | thatsnotPG · first_building Archery Range |
| 8:51 | BF_Xin · age_up feudal |
| 8:58 | BF_Xin · first_building Stable |
| 9:47 | Pez Kaladura · age_up feudal |
| 10:48 | Ed · age_up feudal |
| 11:07 | Xololo · wall_segment Stone Wall x1 |
| 11:23 | [SotC] Spirit · age_up feudal |
| 11:39 | Xololo · wall_segment Palisade Wall x1 |
| 11:41 | Xololo · wall_segment Palisade Wall x1 |
| 11:57 | Xololo · wall_segment Palisade Wall x1 |
| 11:58 | Xololo · wall_segment Palisade Wall x1 |
| 11:59 | Xololo · wall_segment Palisade Wall x1 |
| 12:00 | Xololo · wall_segment Palisade Wall x1 |
| 12:06 | Ed · first_building Barracks |
| 12:49 | Xololo · wall_segment Stone Wall x1 |
| 12:51 | Xololo · wall_segment Stone Wall x1 |
| 13:08 | Pez Kaladura · first_market_buy 100 food |
| 13:12 | Ed · first_building Stable |
| 13:18 | Pez Kaladura · first_market_sell 100 stone |
| 13:44 | Xololo · wall_segment Stone Wall x1 |
| 13:46 | Xololo · wall_segment Stone Wall x1 |
| 13:47 | Xololo · wall_segment Stone Wall x1 |
| 14:22 | Xololo · wall_segment Stone Wall x1 |
| 14:24 | Xololo · wall_segment Stone Wall x1 |
| 14:26 | Xololo · wall_segment Stone Wall x1 |
| 14:26 | Ed · age_up castle |
| 14:28 | Xololo · wall_segment Stone Wall x1 |
| 14:32 | Xololo · first_building Barracks |
| 14:53 | [SotC] Spirit · age_up castle |
| 14:58 | [SotC] Spirit · first_building Castle |
| 15:34 | AM | thatsnotPG · wall_segment Stone Wall x1 |
| 15:36 | AM | thatsnotPG · wall_segment Stone Wall x10 |
| 15:42 | Xololo · wall_segment Stone Wall x1 |
| 15:44 | Xololo · wall_segment Stone Wall x1 |
| 15:49 | Xololo · wall_segment Stone Wall x1 |
| 16:08 | Pez Kaladura · age_up castle |
| 16:09 | Pez Kaladura · first_building Siege Workshop |
| 16:14 | Pez Kaladura · first_building Monastery |
| 16:24 | César UAM · wall_segment Stone Wall x1 |
| 16:25 | César UAM · wall_segment Stone Wall x1 |
| 16:26 | César UAM · wall_segment Stone Wall x1 |
| 16:27 | César UAM · wall_segment Stone Wall x1 |
| 16:29 | César UAM · wall_segment Stone Wall x1 |
| 16:29 | César UAM · wall_segment Stone Wall x1 |
| 16:31 | César UAM · wall_segment Stone Wall x5 |
| 17:42 | Ed · first_market_buy 100 food |
| 17:45 | Pez Kaladura · first_building Barracks |
| 18:15 | AM | thatsnotPG · age_up castle |
| 18:23 | Pez Kaladura · first_building Stable |
| 18:27 | [SotC] Spirit · wall_segment Stone Wall x5 |
| 18:32 | [SotC] Spirit · wall_segment Stone Wall x5 |
| 18:37 | [SotC] Spirit · wall_segment Stone Wall x6 |
| 19:01 | number5 · first_building Barracks |
| 20:00 | number5 · first_building Stable |
| 20:13 | Ed · first_market_sell 100 wood |
| 20:27 | [SotC] Spirit · wall_segment Stone Wall x3 |
| 20:29 | [SotC] Spirit · wall_segment Stone Wall x1 |
| 20:58 | César UAM · wall_segment Stone Wall x1 |
| 21:01 | [SotC] Spirit · wall_segment Stone Wall x1 |
| 21:05 | [SotC] Spirit · wall_segment Stone Wall x1 |
| 21:26 | [SotC] Spirit · wall_segment Stone Wall x1 |
| 21:35 | number5 · age_up castle |
| 21:38 | César UAM · first_market_buy 100 food |
| 21:57 | Xololo · first_market_sell 100 wood |
| 21:58 | Xololo · first_market_buy 100 food |
| 22:13 | BF_Xin · age_up castle |
| 22:43 | number5 · first_building Siege Workshop |
| 22:45 | BF_Xin · first_market_sell 100 wood |
| 22:53 | [SotC] Spirit · wall_segment Stone Wall x6 |
| 23:20 | [SotC] Spirit · first_building Siege Workshop |
| 23:52 | [SotC] Spirit · wall_segment Stone Wall x1 |
| 23:54 | [SotC] Spirit · wall_segment Stone Wall x1 |
| 23:54 | [SotC] Spirit · wall_segment Stone Wall x1 |
| 24:30 | AM | thatsnotPG · first_building Monastery |
| 24:55 | [SotC] Spirit · first_building Barracks |
| 25:31 | César UAM · age_up castle |
| 25:37 | César UAM · first_building Castle |
| 25:40 | Xololo · age_up castle |
| 25:45 | Xololo · first_building Castle |
| 25:54 | César UAM · first_building Siege Workshop |
| 26:10 | [SotC] Spirit · first_building Stable |
| 26:41 | Ed · wall_segment Palisade Wall x1 |
| 26:52 | César UAM · wall_segment Stone Wall x8 |
| 28:30 | César UAM · first_market_sell 100 wood |
| 28:32 | AM | thatsnotPG · age_up imperial |
| 29:09 | Ed · wall_segment Palisade Wall x1 |
| 29:11 | Ed · wall_segment Palisade Wall x1 |
| 29:44 | Ed · wall_segment Palisade Wall x1 |
| 29:46 | Ed · wall_segment Palisade Wall x1 |
| 29:47 | Ed · wall_segment Palisade Wall x1 |
| 30:30 | [SotC] Spirit · wall_segment Stone Wall x1 |
| 31:56 | [SotC] Spirit · first_market_buy 100 food |
| 32:02 | Xololo · wall_segment Stone Wall x1 |
| 32:04 | Xololo · wall_segment Stone Wall x1 |
| 32:08 | Xololo · wall_segment Stone Wall x1 |
| 32:28 | Xololo · wall_segment Stone Wall x8 |
| 32:49 | number5 · first_building Castle |
| 32:50 | Xololo · wall_segment Palisade Wall x4 |
| 33:23 | Xololo · wall_segment Stone Wall x1 |
| 33:25 | Xololo · wall_segment Stone Wall x1 |
| 34:11 | Xololo · wall_segment Stone Wall x1 |
| 34:12 | Xololo · wall_segment Stone Wall x1 |
| 34:14 | Xololo · wall_segment Stone Wall x1 |
| 34:16 | Xololo · wall_segment Stone Wall x1 |
| 34:18 | Xololo · wall_segment Stone Wall x1 |
| 34:33 | Xololo · age_up imperial |
| 34:52 | Xololo · wall_segment Stone Wall x6 |
| 34:56 | [SotC] Spirit · wall_segment Stone Wall x4 |
| 35:11 | [SotC] Spirit · wall_segment Stone Wall x1 |
| 35:38 | number5 · first_building Monastery |
| 35:42 | Xololo · wall_segment Stone Wall x1 |
| 35:45 | Xololo · wall_segment Stone Wall x1 |
| 35:58 | number5 · first_market_sell 100 wood |
| 36:06 | Xololo · wall_segment Stone Wall x1 |
| 36:07 | Xololo · wall_segment Stone Wall x1 |
| 36:08 | Xololo · wall_segment Stone Wall x1 |
| 36:17 | Xololo · wall_segment Stone Wall x1 |
| 36:24 | [SotC] Spirit · wall_segment Stone Wall x9 |
| 36:43 | [SotC] Spirit · first_building Monastery |
| 36:59 | Xololo · wall_segment Stone Wall x1 |
| 37:09 | César UAM · tribute_sent a jugador 1 |
| 37:09 | César UAM · tribute_sent a jugador 3 |
| 37:09 | César UAM · tribute_sent a jugador 4 |
| 37:09 | César UAM · tribute_sent a jugador 5 |
| 37:09 | César UAM · tribute_sent a jugador 6 |
| 37:09 | César UAM · tribute_sent a jugador 7 |
| 37:09 | César UAM · tribute_sent a jugador 8 |
| 37:13 | [SotC] Spirit · first_market_sell 100 food |
| 37:52 | number5 · wall_segment Palisade Wall x1 |
| 38:32 | BF_Xin · wall_segment Stone Wall x3 |
| 39:14 | number5 · age_up imperial |
| 39:44 | [SotC] Spirit · wall_segment Stone Wall x3 |
| 39:47 | [SotC] Spirit · wall_segment Stone Wall x3 |
| 44:07 | BF_Xin · first_building Monastery |
| 44:25 | Xololo · wall_segment Stone Wall x1 |
| 44:29 | Xololo · wall_segment Stone Wall x18 |
| 45:11 | Xololo · wall_segment Stone Wall x1 |
| 45:21 | BF_Xin · wall_segment Stone Wall x12 |
| 45:25 | BF_Xin · wall_segment Stone Wall x34 |
| 45:39 | Xololo · wall_segment Stone Wall x20 |
| 45:54 | Pez Kaladura · age_up imperial |
| 46:13 | César UAM · tribute_sent a jugador 1 |
| 46:13 | César UAM · tribute_sent a jugador 3 |
| 46:13 | César UAM · tribute_sent a jugador 4 |
| 46:13 | César UAM · tribute_sent a jugador 5 |
| 46:13 | César UAM · tribute_sent a jugador 6 |
| 46:13 | César UAM · tribute_sent a jugador 7 |
| 46:13 | César UAM · tribute_sent a jugador 8 |
| 47:25 | César UAM · tribute_sent a jugador 1 |
| 47:25 | César UAM · tribute_sent a jugador 3 |
| 47:25 | César UAM · tribute_sent a jugador 4 |
| 47:25 | César UAM · tribute_sent a jugador 5 |
| 47:25 | César UAM · tribute_sent a jugador 6 |
| 47:25 | César UAM · tribute_sent a jugador 7 |
| 47:25 | César UAM · tribute_sent a jugador 8 |
| 47:31 | BF_Xin · wall_segment Stone Wall x23 |
| 47:35 | Xololo · wall_segment Stone Wall x1 |
| 49:21 | BF_Xin · wall_segment Stone Wall x4 |
| 50:01 | AM | thatsnotPG · first_building Castle |
| 50:10 | César UAM · tribute_sent a jugador 1 |
| 50:10 | César UAM · tribute_sent a jugador 3 |
| 50:10 | César UAM · tribute_sent a jugador 4 |
| 50:10 | César UAM · tribute_sent a jugador 5 |
| 50:10 | César UAM · tribute_sent a jugador 6 |
| 50:10 | César UAM · tribute_sent a jugador 7 |
| 50:10 | César UAM · tribute_sent a jugador 8 |
| 50:57 | BF_Xin · age_up imperial |
| 51:15 | number5 · wall_segment Palisade Wall x7 |
| 51:25 | Pez Kaladura · first_building Castle |
| 51:32 | Pez Kaladura · tribute_sent a jugador 1 |
| 51:32 | Pez Kaladura · tribute_sent a jugador 2 |
| 51:32 | Pez Kaladura · tribute_sent a jugador 3 |
| 51:32 | Pez Kaladura · tribute_sent a jugador 5 |
| 51:32 | Pez Kaladura · tribute_sent a jugador 6 |
| 51:32 | Pez Kaladura · tribute_sent a jugador 7 |
| 51:32 | Pez Kaladura · tribute_sent a jugador 8 |
| 51:54 | BF_Xin · wall_segment Stone Wall x4 |
| 51:54 | Xololo · tribute_sent a jugador 2 |
| 51:54 | Xololo · tribute_sent a jugador 3 |
| 51:54 | Xololo · tribute_sent a jugador 4 |
| 51:54 | Xololo · tribute_sent a jugador 5 |
| 51:54 | Xololo · tribute_sent a jugador 6 |
| 51:54 | Xololo · tribute_sent a jugador 7 |
| 51:54 | Xololo · tribute_sent a jugador 8 |
| 51:57 | BF_Xin · wall_segment Stone Wall x1 |
| 52:00 | BF_Xin · wall_segment Stone Wall x1 |
| 52:28 | Ed · first_building Monastery |
| 52:56 | BF_Xin · first_building Castle |
| 53:44 | number5 · first_market_buy 100 food |
| 53:59 | [SotC] Spirit · first_building Archery Range |
| 54:31 | Xololo · wall_segment Stone Wall x1 |
| 54:53 | Xololo · wall_segment Stone Wall x1 |
| 54:55 | Xololo · wall_segment Palisade Wall x1 |
| 54:56 | Xololo · wall_segment Stone Wall x1 |
| 54:58 | BF_Xin · wall_segment Stone Wall x3 |
| 55:01 | Xololo · wall_segment Stone Wall x1 |
| 55:11 | BF_Xin · wall_segment Stone Wall x5 |
| 55:24 | César UAM · first_building Barracks |
| 55:26 | BF_Xin · wall_segment Stone Wall x5 |
| 55:26 | AM | thatsnotPG · tribute_sent a jugador 1 |
| 55:26 | AM | thatsnotPG · tribute_sent a jugador 2 |
| 55:26 | AM | thatsnotPG · tribute_sent a jugador 3 |
| 55:26 | AM | thatsnotPG · tribute_sent a jugador 4 |
| 55:26 | AM | thatsnotPG · tribute_sent a jugador 5 |
| 55:26 | AM | thatsnotPG · tribute_sent a jugador 6 |
| 55:26 | AM | thatsnotPG · tribute_sent a jugador 7 |
| 55:47 | number5 · wall_segment Palisade Wall x1 |
| 55:49 | number5 · wall_segment Palisade Wall x1 |
| 56:03 | BF_Xin · wall_segment Stone Wall x5 |
| 56:18 | Ed · age_up imperial |
| 56:24 | [SotC] Spirit · age_up imperial |
| 57:03 | Xololo · tribute_sent a jugador 2 |
| 57:03 | Xololo · tribute_sent a jugador 3 |
| 57:03 | Xololo · tribute_sent a jugador 4 |
| 57:03 | Xololo · tribute_sent a jugador 5 |
| 57:03 | Xololo · tribute_sent a jugador 6 |
| 57:03 | Xololo · tribute_sent a jugador 7 |
| 57:03 | Xololo · tribute_sent a jugador 8 |
| 57:41 | Pez Kaladura · first_building Archery Range |
| 57:47 | BF_Xin · first_building Siege Workshop |
| 58:35 | Xololo · first_building Monastery |
| 59:12 | Pez Kaladura · wall_segment Stone Wall x7 |
| 60:54 | Ed · first_building Castle |
| 60:54 | [SotC] Spirit · wall_segment Stone Wall x2 |
| 62:00 | Ed · tribute_sent a jugador 1 |
| 62:00 | Ed · tribute_sent a jugador 2 |
| 62:00 | Ed · tribute_sent a jugador 3 |
| 62:00 | Ed · tribute_sent a jugador 4 |
| 62:00 | Ed · tribute_sent a jugador 5 |
| 62:00 | Ed · tribute_sent a jugador 6 |
| 62:00 | Ed · tribute_sent a jugador 8 |
| 62:10 | César UAM · first_building Archery Range |
| 63:23 | Xololo · first_building Siege Workshop |
| 64:52 | BF_Xin · first_market_buy 100 wood |
| 65:59 | [SotC] Spirit · wall_segment Stone Wall x3 |
| 66:01 | [SotC] Spirit · wall_segment Stone Wall x1 |
| 66:15 | number5 · first_building Archery Range |
| 66:30 | BF_Xin · resign |
| 66:36 | [SotC] Spirit · wall_segment Stone Wall x2 |
[ ANÁLISIS IA · 1 CRÉDITO ]
¿Qué pasó realmente en esta partida?
Wolo.gg analiza cada decisión: build order, eco, micro, errores típicos por bracket. Análisis personalizado por WhatsApp o Discord en 30 segundos.
Guía civ
Kitán
Perfil
Jugador #450075